 Dungeon Crawl Stone Soup version 0.21.0-24-g2553a33 (webtiles) character file.

6088 Gorglomux the Cleaver (level 10, -3/145 HPs)
             Began as a Gargoyle Fighter on Jan 21, 2018.
             Was a Priest of the Shining One.
             Shot with an arrow by a centaur (6 damage)
             ... on level 9 of the Dungeon.
             The game lasted 00:05:44 (6075 turns).

Gorglomux the Cleaver (Gargoyle Fighter)            Turns: 6075, Time: 00:05:44

Health: -3/145     AC: 25    Str: 27    XL:     10   Next: 88%
Magic:  10/10      EV:  2    Int: 10    God:    the Shining One [***...]
Gold:   148        SH: 12    Dex:  9    Spells: 9/9 levels left

rFire    . . .     SeeInvis .   a - +0 war axe
rCold    + . .     Gourm    .   X - +0 shield
rNeg     + + +     Faith    .   (armour currently unavailable)
rPois    ∞         Spirit   .   (helmet currently unavailable)
rElec    .         Reflect  .   (cloak currently unavailable)
rCorr    +         Harm     .   (gloves currently unavailable)
MR       .....     NoTele   +   (boots currently unavailable)
Stlth    ..........             (no amulet)
HPRegen  0.34/turn              c - ring of protection from cold
MPRegen  0.12/turn              O - ring "Nesch" {rCorr rN+}

@: mighty, berserking, tree-form, glowing, very quick
A: negative energy resistance 1, petrification resistance, rot immunity, AC +7
a: Divine Shield, Renounce Religion


You were on level 9 of the Dungeon.
You worshipped the Shining One.
The Shining One was most pleased with you.
You were near starving.
You were a tree.
You visited 1 branch of the dungeon, and saw 9 of its levels.

You collected 428 gold pieces.
You spent 280 gold pieces at shops.

Inventory:

Hand Weapons
 a - a +0 war axe (weapon)
 W - a +5 flail
Missiles
 Z - 2 throwing nets (quivered)
Armour
 r - a +0 chain mail (melded)
 L - a +0 pair of gloves (melded)
 N - a +0 cloak (melded)
 X - a +0 shield (worn)
Jewellery
 c - a ring of protection from cold (left branch)
 O - the ring "Nesch" (right branch) {rCorr rN+}
   (You found it on level 6 of the Dungeon)

   [ring of resist corrosion]

   It protects you from negative energy.
 Y - an uncursed ring of wizardry
Wands
 E - a wand of enslavement (18)
 I - a wand of iceblast (5)
 P - a wand of paralysis (28)
Scrolls
 k - a scroll of fear
 l - a scroll of enchant armour
 m - 3 scrolls of fog
 p - 2 scrolls of remove curse
 s - 3 scrolls of amnesia
 B - 2 scrolls of blinking
 K - a scroll of enchant weapon {unknown}
 M - a scroll of acquirement {unknown}
 R - a scroll of identify
 S - a scroll of silence {unknown}
 T - 6 scrolls of teleportation
 U - 3 scrolls of immolation
Potions
 d - 2 potions of might
 g - a potion of flight
 i - a potion of haste
 j - a potion of agility
 n - 3 potions of ambrosia
 Q - 3 potions of curing
 V - 5 potions of lignification
Comestibles
 f - 22 rations


   Skills:
 - Level 8.6 Fighting
 + Level 9.4 Axes
 - Level 8.6 Armour
 - Level 8.7 Shields


You had 9 spell levels left.
You didn't know any spells.

Dungeon Overview and Level Annotations

Branches:
Dungeon (9/15)             Temple (0/1) D:6
   Lair: D:8-11         Orc: D:9-12

Altars:
Ashenzari
Dithmenos
Gozag
Hepliaklqana
Kikubaaqudgha
Okawaru
Qazlal
Sif Muna
Trog
Wu Jian
Xom
Yredelemnul
The Shining One

Shops:
D:5 (   D:6 !


Innate Abilities, Weirdness & Mutations

You are resistant to torment.
((Your stone body is resilient. (AC +7)))
You are immune to poison.
You resist negative energy. (rN+)
((You are resistant to electric shocks. (rElec)))
((You can survive without breathing.))
You are immune to petrification.
You are immune to rotting.


Message History

The two-headed ogre is severely wounded!
You block the two-headed ogre's attack!
The two-headed ogre hits you with a great mace!!! * * * don't butt
* * * You dice the two-headed ogre like an onion!!!
The two-headed ogre is almost dead!
You dice the two-headed ogre like an onion!!!!!!
Butt annihilate the two-headed ogre!!!
Your Axes skill increases to level 9!!!
The centaur wields an butt enchanted shortbow!
The centaur butts an arrow!
The arrow hits you! * * * don'butt die
* * * Unknown command!
You chop the killer bee into pieces!!!
The killer bee is almost dead!
The killer bee barely misses you!
You slice the killer bee like a ripe choko!!!
You annihilate the killer bee!!!
The centaur shoots an arrow!
The arrow hits you! rip .# .P.P ##.# P.PP. ...# ...... #..# ...P.. #[.# P...... # #..###P.....P #..##.###..##..y....P #......♣)a.##caP. .PP.P

#......##c.#.?#####.#.
#####.. #..).........
#.. #.########..#
#..##.## #..####
#..#...#######..#...
#..#.........|....##
(.................#
..>.##.####.......##


You could see a centaur and a worker ant.

Vanquished Creatures
  2 two-headed ogres (D:9)
  Joseph (D:9)
  A hornet (D:8)
  A hippogriff (D:7)
  Sigmund (D:6)
  The ghost of Brandom the Sneak, an amateur VSAs (D:5)
  A hungry ghost (D:8)
  Edmund (D:4)
  A water moccasin (D:8)
  2 orc warriors
  An ice beast (D:9)
  3 ogres
  2 sky beasts
  A phantom (D:7)
  A crocodile (D:8)
  2 centaurs
  A big kobold (D:8)
  5 bullfrogs
  2 scorpions
  6 killer bees (D:9)
  4 wights (D:6)
  2 howler monkeys (D:8)
  2 crimson imps
  A centaur zombie (D:8)
  7 orc priests
  2 hounds
  2 bullfrog skeletons
  A gnoll shaman (D:8)
  13 orc wizards
  An iguana (D:5)
  7 worker ants
  A hound zombie (D:5)
  3 hound skeletons
  A howler monkey skeleton (D:6)
  12 adders
  9 gnolls
  3 shadow imps
  An ooze (D:2)
  2 adder zombies
  An adder skeleton (D:4)
  4 worms
  3 dart slugs
  2 leopard geckos (D:1)
  36 orcs
  2 ball pythons (D:3)
  4 giant cockroaches
  2 gnoll zombies (D:8)
  7 goblins
  9 hobgoblins
  12 jackals
  A quokka (D:2)
  A ball python skeleton (D:4)
  4 bats
  4 frilled lizards
  A giant cockroach zombie (D:5)
  13 kobolds
  A leopard gecko skeleton (D:6)
  2 quokka skeletons (D:4)
  7 rats
226 creatures vanquished.

Vanquished Creatures (others)
  15 bushes (D:9)
15 creatures vanquished.

Grand Total: 241 creatures vanquished

Notes
Turn   | Place    | Note
-------+----------+-------------------------------------------
     0 | D:1      | Gorglomux the Gargoyle Fighter began the quest for the Orb.
     0 | D:1      | Reached XP level 1. HP: 14/14 MP: 1/1
    75 | D:1      | Reached XP level 2. HP: 16/19 MP: 2/2
    76 | D:1      | Reached skill level 2 in Axes
   407 | D:1      | Reached XP level 3. HP: 23/23 MP: 3/3
   605 | D:2      | Noticed a fire elemental
   607 | D:2      | Found a stormy altar of Qazlal.
   608 | D:2      | Noticed an air elemental
   608 | D:2      | Noticed an earth elemental
   608 | D:2      | Noticed a water elemental
   695 | D:2      | Reached XP level 4. HP: 20/29 MP: 4/4
   732 | D:2      | Found a shadowy altar of Dithmenos.
   926 | D:2      | Found an ancient bone altar of Kikubaaqudgha.
  1365 | D:3      | Found an opulent altar of Gozag.
  1548 | D:3      | Reached XP level 5. HP: 31/33 MP: 5/5
  1788 | D:4      | Reached skill level 3 in Axes
  1807 | D:4      | Reached XP level 6. HP: 28/39 MP: 6/6
  1823 | D:4      | Found a hazy altar of Hepliaklqana.
  2354 | D:4      | Found a glowing golden altar of the Shining One.
  2369 | D:4      | Noticed Edmund
  2380 | D:4      | Became a worshipper of the Shining One
  2386 | D:4      | Killed Edmund
  2394 | D:4      | Reached XP level 7. HP: 43/44 MP: 7/7
  2732 | D:4      | Found an ornate altar of the Wu Jian Council.
  2802 | D:5      | Entered Level 5 of the Dungeon
  2824 | D:5      | Reached * piety under the Shining One
  2829 | D:5      | Reached skill level 4 in Axes
  2870 | D:5      | Noticed Brandom's ghost (amateur VSAs)
  2877 | D:5      | Killed Brandom's ghost
  2877 | D:5      | Reached XP level 8. HP: 51/51 MP: 8/8
  2909 | D:5      | Reached skill level 6 in Shields
  2930 | D:5      | Found Issiad's Weapon Boutique.
  3004 | D:5      | Reached skill level 6 in Fighting
  3004 | D:5      | Reached skill level 6 in Armour
  3119 | D:5      | Found a shimmering altar of Xom.
  3130 | D:5      | Found a shimmering altar of Xom.
  3132 | D:5      | Found a shimmering altar of Xom.
  3132 | D:5      | Found a shimmering altar of Xom.
  3133 | D:5      | Found a shimmering altar of Xom.
  3133 | D:5      | Found a shimmering altar of Xom.
  3134 | D:5      | Found a shimmering altar of Xom.
  3288 | D:5      | Found an iron altar of Okawaru.
  3405 | D:6      | Found Ipeotir's Distillery.
  3426 | D:6      | Bought a potion of might for 56 gold pieces
  3426 | D:6      | Bought 3 potions of lignification for 126 gold pieces
  3426 | D:6      | Bought a potion of curing for 42 gold pieces
  3426 | D:6      | Bought a potion of might for 56 gold pieces
  3440 | D:6      | Found a staircase to the Ecumenical Temple.
  3445 | D:6      | Reached skill level 5 in Axes
  3468 | D:6      | Reached ** piety under the Shining One
  3483 | D:6      | Reached XP level 9. HP: 36/56 MP: 9/9
  3490 | D:6      | Got a faintly glowing marble ring
  3491 | D:6      | Identified the ring "Nesch" {rCorr rN+} (You found it on level 6 of the Dungeon)
  3570 | D:6      | Noticed Sigmund
  3574 | D:6      | Killed Sigmund
  3697 | D:6      | Found a shattered altar of Ashenzari.
  4158 | D:7      | Reached skill level 6 in Axes
  4664 | D:7      | Found a bloodstained altar of Trog.
  4664 | D:7      | Noticed a deep elf mage
  4665 | D:7      | Noticed a soul eater
  5023 | D:8      | Reached *** piety under the Shining One
  5025 | D:8      | Reached XP level 10. HP: 64/64 MP: 10/10
  5477 | D:8      | Found a deep blue altar of Sif Muna.
  5695 | D:8      | Reached skill level 7 in Axes
  5850 | D:8      | Found a basalt altar of Yredelemnul.
  6001 | D:9      | Noticed Joseph
  6026 | D:9      | Killed Joseph
  6044 | D:9      | Noticed a two-headed ogre
  6046 | D:9      | Noticed a two-headed ogre
  6067 | D:9      | Killed a two-headed ogre
  6067 | D:9      | Reached skill level 8 in Axes
  6071 | D:9      | HP: 4/145 [two-headed ogre/giant spiked club (9)]
  6073 | D:9      | Killed a two-headed ogre
  6073 | D:9      | Reached skill level 9 in Axes
  6075 | D:9      | Shot with an arrow by a centaur

Skill      XL: |  1  2  3  4  5  6  7  8  9 10 |
---------------+-------------------------------+-----
Axes           | 2 3 4 5 6 9 |  9.4
Fighting       | 4 5 6 8 |  8.6
Armour         | 4 5 6 8 |  8.6
Shields        | 4 5 6 8 |  8.7

Action                   |  1- 3 |  4- 6 |  7- 9 | 10-12 || total
-------------------------+-------+-------+-------+-------++-------
Melee: War axe           |   116 |   155 |   101 |   138 ||   510
       Flail             |       |    23 |   208 |       ||   231
Throw: Throwing net      |       |       |     2 |       ||     2
  Use: Scroll            |       |       |     7 |    10 ||    17
       Potion            |       |       |     1 |     3 ||     4
  Eat: Chunk             |       |     6 |     8 |     1 ||    15
       Ration            |       |       |       |     1 ||     1
Armor: Scale mail        |    59 |    15 |       |       ||    74
       Chain mail        |       |   126 |   246 |    70 ||   442
       Skin              |       |       |       |     2 ||     2
Dodge: Dodged            |    27 |    56 |    84 |    37 ||   204
Block: Shield            |    67 |   108 |   210 |    94 ||   479
